 Dungeon Crawl Stone Soup version 0.21.0-3-g78d12a8 (webtiles) character file.

125 DogShitOnMyToe the Ducker (level 4, 0/24 HPs)
             Began as a Deep Elf Artificer on Jan 14, 2018.
             Slain by Jessica (4 damage)
             ... on level 3 of the Dungeon.
             The game lasted 00:06:55 (2671 turns).

DogShitOnMyToe the Ducker (Deep Elf Artificer)      Turns: 2671, Time: 00:06:55

Health: 0/24       AC:  6    Str: 14    XL:     4   Next: 82%
Magic:  12/12      EV: 15    Int: 22    God:
Gold:   157        SH:  0    Dex: 15    Spells: 11/11 levels left

rFire    . . .     SeeInvis .   g - +0 spear (venom)
rCold    + . .     Gourm    .   (no shield)
rNeg     . . .     Faith    +   w - +1 robe {rC+}
rPois    .         Spirit   .   (no helmet)
rElec    .         Reflect  .   (no cloak)
rCorr    +         Harm     .   j - +2 pair of gloves
MR       .....                  (no boots)
Stlth    ++........             n - amulet of faith
HPRegen  0.08/turn              t - ring of resist corrosion
MPRegen  0.13/turn              (no ring)

@: mighty, brilliant, flying, hasted and slowed
A: no striking features
a: no special abilities


You were on level 3 of the Dungeon.
You were not hungry.

You visited 1 branch of the dungeon, and saw 3 of its levels.

You collected 157 gold pieces.

Inventory:

Hand Weapons
 a - a +0 short sword
 g - a +0 spear of venom (weapon)
Missiles
 h - 64 arrows
 m - 67 stones (quivered)
 p - a throwing net
 s - 8 poisoned needles
Armour
 j - a +2 pair of gloves (worn)
 w - a +1 robe of cold resistance (worn)
Jewellery
 l - an uncursed amulet of rage
 n - an amulet of faith (around neck)
 t - a ring of resist corrosion (left hand)
 u - a +4 ring of dexterity {unknown}
Wands
 c - a wand of flame (6)
 d - a wand of enslavement (14)
 e - a wand of random effects (15)
Scrolls
 k - 2 scrolls of remove curse
 o - a scroll of magic mapping
Potions
 q - 3 potions of brilliance
 z - a potion of heal wounds {unknown}
Comestibles
 f - 5 rations
 Z - 5 chunks of flesh


   Skills:
 - Level 0.7 Fighting
 - Level 1.0 Short Blades
 + Level 4.6 Dodging
 - Level 1.2 Stealth
 + Level 4.1 Spellcasting
 - Level 3.2 Evocations


You had 11 spell levels left.
You didn't know any spells.

Dungeon Overview and Level Annotations

Branches:
Dungeon (3/15)

Altars:

Annotations:
D:3 Jessica


Message History

The orc wizard points at you and mumbles some strange words.
The magic dart hits you!
* * * LOW HITPOINT WARNING * * *
Jessica gestures wildly.
Jessica mumbles some strange words.
Jessica seems to speed up.
It was a potion of brilliance.
You feel clever all of a sudden.
The orc wizard casts a spell.
The orc wizard blinks!
It was a potion of might.
You feel very mighty all of a sudden. Jessica barely misses you.
The orc wizard casts a spell.
The orc wizard blinks!
It was a potion of magic.
Magic courses through your body. Jessica misses you.
It was a potion of flight.
You feel very buoyant.
You fly up into the air.
Jessica hits you.
You die...

..... ###.##.#..#
#...# #.......# .(.
######...## ...
#>.........# #)#
#.#######... #)#
##..## ##.####
##..... #.ยง.@.#
#..#.#. #...#@#
#..#... #...#.#
#..##.. #...#o#
##.<... #.....#
##.#.# ###.### #####
##... #.# #...# ##.#
#.# ###...### #.#
#.# #.......######.#
#.###.......##.....#


You could see an orc wizard and Jessica.

Vanquished Creatures
  An orc wizard (D:3)
  3 adders
  An ooze (D:2)
  A worm (D:2)
  3 dart slugs
  4 orcs (D:3)
  2 ball pythons
  4 bats
  5 giant cockroaches
  8 goblins
  7 hobgoblins
  7 jackals
  4 frilled lizards
  2 kobolds
  3 rats
55 creatures vanquished.

Notes
Turn   | Place    | Note
-------+----------+-------------------------------------------
     0 | D:1      | DogShitOnMyToe the Deep Elf Artificer began the quest for the Orb.
     0 | D:1      | Reached XP level 1. HP: 11/11 MP: 5/5
   104 | D:1      | Reached skill level 1 in Spellcasting
   296 | D:1      | HP: 5/11 [dart slug/slug dart (3)]
   299 | D:1      | Reached skill level 3 in Dodging
   299 | D:1      | Reached XP level 2. HP: 8/16 MP: 6/6
   567 | D:1      | Reached skill level 2 in Spellcasting
   793 | D:1      | Reached XP level 3. HP: 20/20 MP: 8/8
  1071 | D:2      | Reached skill level 3 in Spellcasting
  1530 | D:2      | Reached skill level 4 in Dodging
  1917 | D:2      | Reached XP level 4. HP: 24/24 MP: 11/11
  2464 | D:3      | Reached skill level 4 in Spellcasting
  2656 | D:3      | Noticed Jessica
  2665 | D:3      | HP: 11/24 [orc wizard/magic dart (8)]
  2667 | D:3      | HP: 4/24 [orc wizard/magic dart (7)]
  2671 | D:3      | Slain by Jessica

Skill      XL: |  1  2  3  4 |
---------------+-------------+-----
Spellcasting   | 1 2 3 4 |  4.1
Dodging        | 3 4 |  4.6
Fighting       | |  0.7
Short Blades   | |  1.0
Stealth        | |  1.2
Evocations     | |  3.2

Action                   |  1- 3 |  4- 6 || total
-------------------------+-------+-------++-------
Melee: Spear             |   102 |    69 ||   171
Throw: Stone             |    21 |     7 ||    28
Evoke: Wand              |     9 |     1 ||    10
  Use: Scroll            |       |     6 ||     6
       Potion            |       |     5 ||     5
 Stab: Sleeping          |     2 |       ||     2
  Eat: Chunk             |     3 |     3 ||     6
Armor: Leather armour    |    15 |     6 ||    21
       Robe              |       |    11 ||    11
Dodge: Dodged            |    40 |    39 ||    79
